 Dungeon Crawl Stone Soup version 0.21.1-1-g345015f (webtiles) character file.

2670 tidbits the Insei (level 9, -13/68 HPs)
             Began as a Gnoll Transmuter on Feb 6, 2018.
             Was an Elder of Cheibriados.
             Mangled by an eight-headed hydra (15 damage)
             ... on level 1 of the Lair of Beasts.
             The game lasted 00:19:23 (1891 turns).

tidbits the Insei (Gnoll Transmuter)                Turns: 1891, Time: 00:19:24

Health: -13/68     AC: 17    Str: 28    XL:     9   Next: 63%
Magic:  11/19      EV: 19    Int: 28    God:    Cheibriados [****..]
Gold:   272        SH:  7    Dex: 28    Spells: 15/21 levels left

rFire    + . .     SeeInvis .   a - +8 war axe of Contention {protect, rPois rF+ Dex+2}
rCold    + . .     Gourm    .   D - +0 buckler
rNeg     . . .     Faith    .   B - +2 robe {rC+}
rPois    +         Spirit   .   E - +0 helmet
rElec    .         Reflect  .   C - +0 cloak
rCorr    .         Harm     .   G - +1 pair of gloves
MR       +....                  (boots currently unavailable)
Stlth    +++.......             (no amulet)
HPRegen  0.21/turn              o - ring of stealth
MPRegen  0.16/turn              s - ring of loudness (curse)

@: mighty, appendage, protection aura, flying, very slow
A: distributed training, claws 1, fangs 1, talons 3, thin metallic scales 1,
magic resistance 1, strong nose
a: End Transformation, Bend Time, Temporal Distortion, Slouch, Renounce Religion


You were on level 1 of the Lair of Beasts.
You worshipped Cheibriados.
Cheibriados was greatly pleased with you.
You were not hungry.
You had grown temporary talons.
You visited 2 branches of the dungeon, and saw 9 of its levels.

You collected 326 gold pieces.
You spent 54 gold pieces at shops.

Inventory:

Hand Weapons
 a - the +8 war axe of Contention (weapon) {protect, rPois rF+ Dex+2}
   (You found it on level 7 of the Dungeon)

   It protects the one who uses it against injury (+AC on strike).
   It affects your dexterity (+2).
   It protects you from fire.
   It protects you from poison.
 f - a +0 hand axe
 j - a +0 dagger
 n - a +0 war axe
Missiles
 y - 59 arrows
 A - 13 bolts
 M - 4 tomahawks (quivered)
Armour
 g - a +0 pair of gloves
 h - a +3 ring mail
 u - a +0 robe
 z - a +0 shield
 B - a +2 robe of cold resistance (worn)
   (You found it on level 5 of the Dungeon)
 C - a +0 cloak (worn)
 D - a +0 buckler (worn)
 E - a +0 helmet (worn)
 G - a +1 pair of gloves (worn)
 I - a +1 leather armour of magic resistance
   (You found it on level 7 of the Dungeon)
Magical Staves
 v - an uncursed staff of air {unknown}
   (You found it on level 5 of the Dungeon)
Jewellery
 o - a ring of stealth (left hand)
   (You found it on level 3 of the Dungeon)
 s - a cursed ring of loudness (right hand)
   (You found it on level 5 of the Dungeon)
 t - an uncursed ring of protection from fire
   (You found it on level 3 of the Dungeon)
Wands
 F - a wand of flame (2)
Scrolls
 i - 2 scrolls of fear
 l - a scroll of random uselessness
 p - 2 scrolls of enchant weapon
 r - a scroll of immolation
 w - a scroll of amnesia
 x - a scroll of remove curse {unknown}
 H - a scroll of fog {unknown}
 J - a scroll of teleportation
 L - a scroll of brand weapon {unknown}
Potions
 b - a potion of mutation {!q}
 e - 2 potions of curing
 k - a potion of flight
 m - 3 potions of ambrosia
 q - 2 potions of heal wounds
Books
 c - a book of Changes

   Spells                             Type                      Level
   a - Beastly Appendage              Transmutation                1
   b - Sticks to Snakes               Transmutation                2
   c - Spider Form                    Transmutation/Poison         3
   d - Ice Form                       Ice/Transmutation            4
   e - Blade Hands                    Transmutation                5
Comestibles
 d - 7 rations


   Skills:
 + Level 5.1 Fighting
 + Level 4.3 Short Blades
 + Level 4.3 Long Blades
 + Level 4.3 Axes
 + Level 4.3 Maces & Flails
 + Level 4.3 Polearms
 + Level 4.3 Staves
 + Level 4.3 Slings
 + Level 4.3 Bows
 + Level 4.3 Crossbows
 + Level 4.3 Throwing
 + Level 4.3 Armour
 + Level 6.4 Dodging
 + Level 4.3 Stealth
 + Level 4.3 Shields
 + Level 7.9 Unarmed Combat
 + Level 6.7 Spellcasting
 + Level 3.6 Conjurations
 + Level 3.6 Hexes
 + Level 3.6 Charms
 + Level 3.6 Summonings
 + Level 3.6 Necromancy
 + Level 3.6 Translocations
 + Level 5.3 Transmutations
 + Level 3.6 Fire Magic
 + Level 3.6 Ice Magic
 + Level 3.6 Air Magic
 + Level 3.6 Earth Magic
 + Level 3.6 Poison Magic
 + Level 4.8 Invocations
 + Level 4.3 Evocations


You had 15 spell levels left.
You knew the following spells:

 Your Spells              Type           Power        Failure   Level  Hunger
e - Beastly Appendage     Tmut           #####.       1%          1    None
k - Sticks to Snakes      Tmut           #####...     1%          2    None
p - Spider Form           Tmut/Pois      ####......   2%          3    None


Dungeon Overview and Level Annotations

Branches:
Dungeon (8/15)               Lair (1/6) D:8
 Temple: D:4-7

Altars:
Cheibriados
Nemelex Xobeh
Qazlal
Trog

Shops:
D:8 [


Innate Abilities, Weirdness & Mutations

Your experience applies equally to all skills.
You have very sharp teeth.
Your uncanny sense of smell can sniff out nearby items.
You have sharp fingernails.
You have claws for feet.
You are partially covered in thin metallic scales. (AC +2)
You are resistant to hostile enchantments. (MR+)


Message History

The blink frog closely misses you. The yak gores your water moccasin!
Your water moccasin dies!
The crocodile closely misses you.
The blink frog blinks!
You block the blink frog's attack.
Unknown command.
You slice one of the four-headed hydra's heads off!
The three-headed hydra grows two more!
You slash the five-headed hydra! You claw the five-headed hydra!
The five-headed hydra is moderately wounded.
You slash the blink frog! You hit the crocodile.
Your adder bites the yak but does no damage.
Your ball python closely misses the yak.
The yak barely misses your ball python. The blink frog completely misses you.
You block the five-headed hydra's attack.
The five-headed hydra misses you. x2
The five-headed hydra bites you but does no damage. x2
The crocodile misses you.
Your adder bites the yak.
Your ball python bites the yak but does no damage.
Your ball python closely misses the yak.
Unknown command.
The flow of time bends around you.
Cheibriados rebukes the blink frog.
The blink frog seems to slow down.
Cheibriados rebukes the crocodile.
The crocodile seems to slow down.
Cheibriados rebukes the five-headed hydra.
The five-headed hydra seems to slow down.
Cheibriados rebukes your ball python.
Your ball python seems to slow down.
Cheibriados rebukes your ball python.
Your ball python seems to slow down.
You feel slightly more hungry. The yak barely misses your ball python.
The blink frog hits you but does no damage.
Your adder bites the yak.
The yak looks even sicker.
Your adder poisons the yak!
The blink frog misses your ball python. The five-headed hydra bites you. x2
The five-headed hydra bites you but does no damage.
You block the five-headed hydra's attack.
The five-headed hydra bites you but does no damage.
The crocodile bites you!
Your ball python bites the yak but does no damage.
Unknown command.
You hack one of the five-headed hydra's heads off!
The four-headed hydra grows two more!
You slash the six-headed hydra! You claw the six-headed hydra!
The six-headed hydra is heavily wounded.
You miss the blink frog. You slash the crocodile!
You kill the crocodile!
Cheibriados appreciates the change of pace.
The blink frog barely misses your ball python.
The yak gores your adder.
Your adder barely misses the yak.
Your ball python bites the yak but does no damage.
The blink frog hits you but does no damage.
The blink frog blinks! x2
The six-headed hydra bites you but does no damage.
The six-headed hydra barely misses you. The six-headed hydra misses you.
You block the six-headed hydra's attack.
The six-headed hydra closely misses you.
The six-headed hydra bites you.
Your adder barely misses the yak.
The yak gores your adder.
Your ball python completely misses the yak.
Your ball python bites the yak.
Unknown command.
You hack one of the six-headed hydra's heads off!
The five-headed hydra grows two more!
You slash the seven-headed hydra! You claw the seven-headed hydra!
The seven-headed hydra is severely wounded.
You slice the blink frog!!
You kill the blink frog!
Cheibriados thoroughly appreciates the change of pace.
Your adder barely misses the yak.
The yak closely misses your ball python.
You block the seven-headed hydra's attack.
The seven-headed hydra closely misses you.
The seven-headed hydra bites you.
The seven-headed hydra barely misses you.
The seven-headed hydra bites you!
* * * LOW HITPOINT WARNING * * *
The seven-headed hydra bites you.
* * * LOW HITPOINT WARNING * * *
The seven-headed hydra bites you!
* * * LOW HITPOINT WARNING * * *
Your ball python barely misses the yak.
Your ball python bites the yak but does no damage.
Unknown command.
You chop one of the seven-headed hydra's heads off!
The six-headed hydra grows two more!
You slash the eight-headed hydra! You claw the eight-headed hydra!
The eight-headed hydra is almost dead.
Your adder bites the yak but does no damage.
The blink frog blinks! x3; The yak gores your adder!
Your adder dies!
Your ball python bites the yak but does no damage.
The eight-headed hydra bites you!
* * * LOW HITPOINT WARNING * * *
The eight-headed hydra closely misses you.
The eight-headed hydra misses you. x2
The eight-headed hydra barely misses you.
The eight-headed hydra bites you!
You die...

##. ∆ #.. #.. ####
#.. ... #..##
∆##.######
###....####........
..........†.S..§...
.......F...@SY.....
#..........†D......
#.......##.#.......
#......#.8.........
......# .§..#§.F...
...... 8.>.8#......
...................
......##...##......
###


You could see an eight-headed hydra, a yak, 2 blink frogs and 2 friendly ball
pythons.

Vanquished Creatures
  A two-headed ogre (D:8)
  A blink frog (Lair:1)
  A yak (Lair:1)
  2 porcupines (Lair:1)
  2 eyes of draining (D:3)
  2 ogres
  A phantom (D:6)
  A crocodile (Lair:1)
  2 bullfrogs
  6 killer bees (D:8)
  2 crimson imps
  A centaur zombie (D:5)
  A quasit (D:7)
  2 jellies
  An orc priest (D:6)
  A hound (D:8)
  An iguana (D:7)
  3 worker ants
  A hound skeleton (D:8)
  3 adders
  10 river rats (D:6)
  2 shadow imps
  An ooze (D:1)
  An adder skeleton (D:4)
  4 leopard geckos
  6 orcs
  2 ball pythons
  3 giant cockroaches
  5 hobgoblins
  12 jackals
  2 kobolds
  7 quokkas
  A bat (D:3)
  A frilled lizard (D:4)
  8 goblins
  A hobgoblin zombie (D:4)
  An orc zombie (D:4)
  17 rats
119 creatures vanquished.

Vanquished Creatures (collateral kills)
  A crimson imp (D:7)
  A bullfrog skeleton (D:6)
  A centaur skeleton (D:4)
  An adder (D:2)
  A leopard gecko (D:3)
  An orc (D:6)
  2 giant cockroaches (D:3)
  A quokka (D:3)
  A goblin (D:3)
  A rat (D:6)
11 creatures vanquished.

Grand Total: 130 creatures vanquished

Notes
Turn   | Place    | Note
-------+----------+-------------------------------------------
     0 | D:1      | tidbits the Gnoll Transmuter began the quest for the Orb.
     0 | D:1      | Reached XP level 1. HP: 17/17 MP: 6/6
    61 | D:1      | Reached XP level 2. HP: 23/23 MP: 5/7
    65 | D:1      | Learned a level 2 spell: Sticks to Snakes
    86 | D:2      | Found a snail-covered altar of Cheibriados.
    98 | D:2      | Became a worshipper of Cheibriados the Contemplative
   223 | D:2      | Reached XP level 3. HP: 7/28 MP: 7/9
   228 | D:2      | Learned a level 3 spell: Spider Form
   260 | D:2      | Reached skill level 5 in Spellcasting
   379 | D:3      | Reached skill level 1 in Short Blades
   379 | D:3      | Reached skill level 1 in Long Blades
   379 | D:3      | Reached skill level 1 in Axes
   379 | D:3      | Reached skill level 1 in Maces & Flails
   379 | D:3      | Reached skill level 1 in Polearms
   379 | D:3      | Reached skill level 1 in Staves
   379 | D:3      | Reached skill level 1 in Slings
   379 | D:3      | Reached skill level 1 in Bows
   379 | D:3      | Reached skill level 1 in Crossbows
   379 | D:3      | Reached skill level 1 in Throwing
   379 | D:3      | Reached skill level 1 in Armour
   379 | D:3      | Reached skill level 1 in Stealth
   379 | D:3      | Reached skill level 1 in Shields
   379 | D:3      | Reached skill level 1 in Invocations
   379 | D:3      | Reached skill level 1 in Evocations
   379 | D:3      | Reached XP level 4. HP: 11/34 MP: 2/11
   380 | D:3      | Gained mutation: You have sharp fingernails. [potion of mutation]
   380 | D:3      | Gained mutation: You are partially covered in thin metallic scales. (AC +2) [potion of mutation]
   380 | D:3      | Gained mutation: You are resistant to hostile enchantments. (MR+) [potion of mutation]
   381 | D:3      | Reached * piety under Cheibriados
   549 | D:4      | Reached skill level 1 in Conjurations
   549 | D:4      | Reached skill level 1 in Hexes
   549 | D:4      | Reached skill level 1 in Charms
   549 | D:4      | Reached skill level 1 in Summonings
   549 | D:4      | Reached skill level 1 in Necromancy
   549 | D:4      | Reached skill level 1 in Translocations
   549 | D:4      | Reached skill level 1 in Fire Magic
   549 | D:4      | Reached skill level 1 in Ice Magic
   549 | D:4      | Reached skill level 1 in Air Magic
   549 | D:4      | Reached skill level 1 in Earth Magic
   549 | D:4      | Reached skill level 1 in Poison Magic
   557 | D:4      | Found a sparkling altar of Nemelex Xobeh.
   702 | D:3      | Found a bloodstained altar of Trog.
   702 | D:3      | Noticed an eye of draining
   703 | D:3      | Noticed an eye of draining
   714 | D:3      | Killed an eye of draining
   714 | D:3      | Reached skill level 3 in Fighting
   714 | D:3      | Reached skill level 4 in Transmutations
   714 | D:3      | Reached XP level 5. HP: 41/41 MP: 0/12
   719 | D:3      | Killed an eye of draining
   719 | D:3      | Reached skill level 2 in Invocations
   719 | D:3      | Reached XP level 6. HP: 47/47 MP: 0/13
   764 | D:2      | Found a faded altar of an unknown god.
   822 | D:3      | Reached ** piety under Cheibriados
   869 | D:5      | Entered Level 5 of the Dungeon
  1038 | D:5      | Reached skill level 2 in Short Blades
  1038 | D:5      | Reached skill level 2 in Long Blades
  1038 | D:5      | Reached skill level 2 in Axes
  1038 | D:5      | Reached skill level 2 in Maces & Flails
  1038 | D:5      | Reached skill level 2 in Polearms
  1038 | D:5      | Reached skill level 2 in Staves
  1038 | D:5      | Reached skill level 2 in Slings
  1038 | D:5      | Reached skill level 2 in Bows
  1038 | D:5      | Reached skill level 2 in Crossbows
  1038 | D:5      | Reached skill level 2 in Throwing
  1038 | D:5      | Reached skill level 2 in Armour
  1038 | D:5      | Reached skill level 5 in Dodging
  1038 | D:5      | Reached skill level 2 in Stealth
  1038 | D:5      | Reached skill level 2 in Shields
  1038 | D:5      | Reached skill level 2 in Evocations
  1120 | D:6      | Reached XP level 7. HP: 46/52 MP: 15/15
  1181 | D:6      | Reached skill level 7 in Unarmed Combat
  1184 | D:6      | Reached skill level 2 in Conjurations
  1184 | D:6      | Reached skill level 2 in Hexes
  1184 | D:6      | Reached skill level 2 in Charms
  1184 | D:6      | Reached skill level 2 in Summonings
  1184 | D:6      | Reached skill level 2 in Necromancy
  1184 | D:6      | Reached skill level 2 in Translocations
  1184 | D:6      | Reached skill level 2 in Fire Magic
  1184 | D:6      | Reached skill level 2 in Ice Magic
  1184 | D:6      | Reached skill level 2 in Air Magic
  1184 | D:6      | Reached skill level 2 in Earth Magic
  1184 | D:6      | Reached skill level 2 in Poison Magic
  1220 | D:6      | Reached *** piety under Cheibriados
  1437 | D:7      | Got a pitted war axe
  1438 | D:7      | Identified the +8 war axe of Contention {protect, rPois rF+ Dex+2} (You found it on level 7 of the Dungeon)
  1453 | D:7      | Reached skill level 3 in Invocations
  1575 | D:6      | Reached XP level 8. HP: 47/60 MP: 16/16
  1581 | D:6      | Reached skill level 4 in Fighting
  1656 | D:7      | Reached skill level 3 in Short Blades
  1656 | D:7      | Reached skill level 3 in Long Blades
  1656 | D:7      | Reached skill level 3 in Axes
  1656 | D:7      | Reached skill level 3 in Maces & Flails
  1656 | D:7      | Reached skill level 3 in Polearms
  1656 | D:7      | Reached skill level 3 in Staves
  1656 | D:7      | Reached skill level 3 in Slings
  1656 | D:7      | Reached skill level 3 in Bows
  1656 | D:7      | Reached skill level 3 in Crossbows
  1656 | D:7      | Reached skill level 3 in Throwing
  1656 | D:7      | Reached skill level 3 in Armour
  1656 | D:7      | Reached skill level 3 in Stealth
  1656 | D:7      | Reached skill level 3 in Shields
  1656 | D:7      | Reached skill level 3 in Evocations
  1702 | D:8      | Found Uxoesh's Armour Shop.
  1702 | D:8      | Noticed a two-headed ogre
  1709 | D:8      | Killed a two-headed ogre
  1709 | D:8      | Reached skill level 6 in Dodging
  1709 | D:8      | Reached skill level 6 in Spellcasting
  1709 | D:8      | Reached skill level 3 in Conjurations
  1709 | D:8      | Reached skill level 3 in Hexes
  1709 | D:8      | Reached skill level 3 in Charms
  1709 | D:8      | Reached skill level 3 in Summonings
  1709 | D:8      | Reached skill level 3 in Necromancy
  1709 | D:8      | Reached skill level 3 in Translocations
  1709 | D:8      | Reached skill level 3 in Fire Magic
  1709 | D:8      | Reached skill level 3 in Ice Magic
  1709 | D:8      | Reached skill level 3 in Air Magic
  1709 | D:8      | Reached skill level 3 in Earth Magic
  1709 | D:8      | Reached skill level 3 in Poison Magic
  1709 | D:8      | Reached skill level 4 in Invocations
  1709 | D:8      | Reached XP level 9. HP: 26/66 MP: 14/18
  1711 | D:8      | Reached **** piety under Cheibriados
  1720 | D:8      | Bought a +0 buckler for 54 gold pieces
  1730 | D:8      | Found a stormy altar of Qazlal.
  1767 | D:8      | Reached skill level 5 in Transmutations
  1796 | D:8      | Reached skill level 4 in Short Blades
  1796 | D:8      | Reached skill level 4 in Long Blades
  1796 | D:8      | Reached skill level 4 in Axes
  1796 | D:8      | Reached skill level 4 in Maces & Flails
  1796 | D:8      | Reached skill level 4 in Polearms
  1796 | D:8      | Reached skill level 4 in Staves
  1796 | D:8      | Reached skill level 4 in Slings
  1796 | D:8      | Reached skill level 4 in Bows
  1796 | D:8      | Reached skill level 4 in Crossbows
  1796 | D:8      | Reached skill level 4 in Throwing
  1796 | D:8      | Reached skill level 4 in Armour
  1796 | D:8      | Reached skill level 4 in Stealth
  1796 | D:8      | Reached skill level 4 in Shields
  1796 | D:8      | Reached skill level 4 in Evocations
  1850 | D:8      | Found a staircase to the Lair.
  1869 | Lair:1   | Entered Level 1 of the Lair of Beasts
  1879 | Lair:1   | Reached skill level 5 in Fighting
  1882 | Lair:1   | Noticed a four-headed hydra
  1891 | Lair:1   | HP: 2/68 [eight-headed hydra (14)]
  1891 | Lair:1   | Mangled by an eight-headed hydra

Skill      XL: |  1  2  3  4  5  6  7  8  9 |
---------------+----------------------------+-----
Spellcasting   | 5 6 |  6.7
Short Blades   | 1 2 3 4 |  4.3
Long Blades    | 1 2 3 4 |  4.3
Axes           | 1 2 3 4 |  4.3
Maces & Flails | 1 2 3 4 |  4.3
Polearms       | 1 2 3 4 |  4.3
Staves         | 1 2 3 4 |  4.3
Slings         | 1 2 3 4 |  4.3
Bows           | 1 2 3 4 |  4.3
Crossbows      | 1 2 3 4 |  4.3
Throwing       | 1 2 3 4 |  4.3
Armour         | 1 2 3 4 |  4.3
Stealth        | 1 2 3 4 |  4.3
Shields        | 1 2 3 4 |  4.3
Invocations    | 1 2 3 4 |  4.8
Evocations     | 1 2 3 4 |  4.3
Conjurations   | 1 2 3 |  3.6
Hexes          | 1 2 3 |  3.6
Charms         | 1 2 3 |  3.6
Summonings     | 1 2 3 |  3.6
Necromancy     | 1 2 3 |  3.6
Translocations | 1 2 3 |  3.6
Fire Magic     | 1 2 3 |  3.6
Ice Magic      | 1 2 3 |  3.6
Air Magic      | 1 2 3 |  3.6
Earth Magic    | 1 2 3 |  3.6
Poison Magic   | 1 2 3 |  3.6
Fighting       | 3 4 5 |  5.1
Transmutations | 4 5 |  5.3
Dodging        | 5 6 |  6.4
Unarmed Combat | 7 |  7.9

Action                   |  1- 3 |  4- 6 |  7- 9 || total
-------------------------+-------+-------+-------++-------
Melee: Unarmed           |    45 |    69 |    90 ||   204
       Headbutt          |     4 |       |       ||     4
       Kick              |     2 |    21 |    44 ||    67
       Bite              |       |     9 |     9 ||    18
       Punch             |       |     1 |     5 ||     6
       War axe           |       |       |    52 ||    52
 Cast: Beastly Appendage |     8 |    10 |    14 ||    32
       Sticks to Snakes  |     4 |     5 |    11 ||    20
       Spider Form       |     3 |     4 |     4 ||    11
Invok: Bend Time         |       |       |     1 ||     1
  Use: Scroll            |       |     7 |     2 ||     9
       Potion            |       |     2 |     2 ||     4
 Stab: Sleeping          |       |     5 |     3 ||     8
       Distracted        |       |       |     1 ||     1
  Eat: Ration            |       |       |     1 ||     1
Armor: Robe              |     3 |     9 |    22 ||    34
Dodge: Dodged            |    23 |    44 |   117 ||   184
Block: Buckler           |       |       |    24 ||    24

Table legend:
 A = Turns spent in this place as a percentage of turns spent in the entire game.
 B = Non-inter-level travel turns spent in this place as a percentage of non-inter-level travel turns spent in the entire game.
 C = Inter-level travel turns spent in this place as a percentage of turns spent in this place.
 D = Turns resting spent in this place as a percentage of non-inter-level travel turns spent in this place.
 E = Turns spent auto-exploring this place as a percentage of non-inter-level travel turns spent in this place.
 F = Non-inter-level travel turns spent in this place divided by the number of levels of this place that you've seen.
                   A       B       C       D       E      F
               +-------+-------+-------+-------+-------+----------------------
         Total | 100.0 | 100.0 |   0.0 |   0.0 |   0.0 | 210.1
       Dungeon |  98.8 |  98.8 |   0.0 |   0.0 |   0.0 | 233.6
          Lair |   1.2 |   1.2 |   0.0 |   0.0 |   0.0 |  22.0
               +-------+-------+-------+-------+-------+----------------------

Table legend:
 A = Kills in this place as a percentage of kills in entire the game.
 B = Kills by you in this place as a percentage of kills by you in the entire game.
 C = Kills by friends in this place as a percentage of kills by friends in the entire game.
 D = Other kills in this place as a percentage of other kills in the entire game.
 E = Experience gained in this place as a percentage of experience gained in the entire game.
 F = Experience gained in this place divided by the number of levels of this place that you have seen.
                   A       B       C       D       E      F
               +-------+-------+-------+-------+-------+----------------------
         Total | 100.0 | 100.0 | 100.0 |   N/A | 100.0 | 423.9
       Dungeon |  96.2 |  95.8 | 100.0 |   N/A |  78.4 | 373.8
          Lair |   3.8 |   4.2 |   0.0 |   N/A |  21.6 | 825.0
               +-------+-------+-------+-------+-------+----------------------

Vault maps used:
D:1:      minmay_arrival_solitary_statue
D:2:      overflow_temple_1_default, chequers_ecumenical_altar_simple,
          kennysheep_generic_room_10, uniq_natasha
D:3:      lemuel_round_altar, makhleb_blood_cavern_becter, st_stairs_13,
          minmay_crystal_water, trog_eyes_of_draining
D:4:      nicolae_tso_besieged_by_evil, overflow_temple_1_default,
          nemelex_xobeh_ov_fountains_minmay
D:5:      first_ration, uniq_grinder
D:6:      lemuel_ratsnest, kennysheep_little_box, grunt_dithmenos_shadows,
          amethyst_overflow_temple_binary, nicolae_ossuary_entry_ruins
D:7:      minmay_temple_entry_poolview, minmay_three_doors
D:8:      nicolae_qazlal_style_of_elements, lair_entry_dummy, serial_shops,
          nicolae_shop_stone
Lair:1:   beast_lair_carwin_8, serial_bayou_shore_a, grunt_megastairs_2,
          lemuel_fruit_fields, uniq_erica
